 Dungeon Crawl Stone Soup version 0.21.0 (console) character file.

81 removed the Cutter (level 4, -2/24 HPs)
             Began as a Deep Elf Artificer on Jan 6, 2018.
             Killed from afar by Natasha (9 damage)
             ... with a magic dart
             ... on level 3 of the Dungeon.
             The game lasted 00:05:44 (2548 turns).

removed the Cutter (Deep Elf Artificer)             Turns: 2548, Time: 00:05:45

Health: -2/24      AC:  4    Str:  9    XL:     4   Next: 20%
Magic:  8/8        EV: 13    Int: 17    God:
Gold:   76         SH:  0    Dex: 15    Spells: 3/3 levels left

rFire    + . .     SeeInvis .   a - +0 short sword
rCold    . . .     Gourm    .   (no shield)
rNeg     . . .     Faith    .   b - +0 leather armour
rPois    .         Spirit   .   (no helmet)
rElec    .         Reflect  .   (no cloak)
rCorr    .         Harm     .   m - +0 pair of gloves
MR       .....                  (no boots)
Stlth    ++........             (no amulet)
HPRegen  0.08/turn              j - +1 ring of evasion
MPRegen  0.11/turn              r - ring of protection from fire

@: slowed, very slow
A: no striking features
a: no special abilities


You were on level 3 of the Dungeon.
You were very hungry.

You visited 1 branch of the dungeon, and saw 3 of its levels.

You collected 76 gold pieces.

Inventory:

Hand Weapons
 a - a +0 short sword (weapon)
Armour
 b - a +0 leather armour (worn)
 m - a +0 pair of gloves (worn)
Jewellery
 j - a +1 ring of evasion (left hand)
 r - a ring of protection from fire (right hand)
Wands
 c - a wand of flame (10)
 d - a wand of enslavement (9)
 e - a wand of random effects (9)
Scrolls
 i - a scroll of teleportation {unknown}
 o - a scroll of enchant armour {unknown}
 s - a scroll of magic mapping {unknown}
 u - a scroll of fear {unknown}
 v - a scroll of amnesia {unknown}
 x - a scroll of noise {unknown}
 y - a scroll of remove curse {unknown}
Potions
 g - 3 potions of agility
 k - a potion of might {unknown}
 l - a potion of heal wounds {unknown}
 n - a potion of brilliance {unknown}
 p - a potion of ambrosia {unknown}
 q - 2 potions of curing {unknown}
 w - a potion of cancellation {unknown}
Comestibles
 f - 6 rations


   Skills:
 - Level 0.7 Fighting
 - Level 4.0 Short Blades
 + Level 2.6 Dodging
 - Level 1.2 Stealth
 - Level 3.2 Evocations


You had 3 spell levels left.
You didn't know any spells.

Dungeon Overview and Level Annotations

Branches:
Dungeon (3/15)

Altars:
Fedhas
Uskayaw

Annotations:
D:3 Natasha


Message History

Anything else - Cancel.
Gang up on whom?
Press: ? - help, Dir - move target cursor, f/p - Natasha
Aim: Natasha (unusually agile) Attack!
Natasha misses you.
Your crimson imp misses Natasha.
Unknown command.
You hit Natasha.
Natasha is moderately wounded.
Natasha barely misses you.
Your crimson imp barely misses Natasha.
Unknown command.
You hit Natasha.
Natasha is heavily wounded.
Natasha casts a spell at you.
You feel yourself slow down.
Your crimson imp misses Natasha.
You closely miss Natasha.
Natasha is heavily wounded.
Natasha stares at you and mumbles some strange words.
The magic dart hits you!
You die...

### ### #.#
#.##########
#.#####...55h....#
####.......#####@...#
#....####### #.##.#
#.#### #.# # #.# #.#
#$# #.# #$# #.# #.###
#.# #...# #.# ###.###


You could see Natasha, a friendly iron imp and a friendly crimson imp.

Vanquished Creatures
  3 adders
  A dart slug (D:1)
  2 leopard geckos
  5 bats
  4 giant cockroaches
  6 goblins
  2 hobgoblins
  3 jackals (D:1)
  6 kobolds
  3 quokkas
  A ball python (D:3)
  5 frilled lizards
  3 rats
44 creatures vanquished.

Vanquished Creatures (collateral kills)
  2 hobgoblins (D:2)
  A bat (D:2)
  2 rats
5 creatures vanquished.

Grand Total: 49 creatures vanquished

Notes
Turn   | Place    | Note
-------+----------+-------------------------------------------
     0 | D:1      | removed the Deep Elf Artificer began the quest for the Orb.
     0 | D:1      | Reached XP level 1. HP: 11/11 MP: 5/5
   252 | D:1      | Reached skill level 2 in Short Blades
   258 | D:1      | Reached XP level 2. HP: 12/16 MP: 6/6
  1149 | D:2      | Reached skill level 3 in Short Blades
  1151 | D:2      | Reached XP level 3. HP: 15/20 MP: 7/7
  1486 | D:2      | Noticed a dagger
  1488 | D:2      | Noticed a dagger
  1492 | D:2      | Found a hide-covered altar of Uskayaw.
  2024 | D:3      | Found a blossoming altar of Fedhas.
  2278 | D:3      | Reached skill level 4 in Short Blades
  2278 | D:3      | Reached XP level 4. HP: 22/24 MP: 8/8
  2494 | D:3      | Noticed Natasha
  2548 | D:3      | Killed from afar by Natasha

Skill      XL: |  1  2  3 |
---------------+----------+-----
Short Blades   | 2 3 4 |  4.0
Fighting       | |  0.7
Dodging        | |  2.6
Stealth        | |  1.2
Evocations     | |  3.2

Action                   |  1- 3 |  4- 6 || total
-------------------------+-------+-------++-------
Melee: Short sword       |   164 |    29 ||   193
Evoke: Wand              |    13 |     4 ||    17
 Stab: Distracted        |     1 |       ||     1
       Sleeping          |     2 |     1 ||     3
  Eat: Chunk             |     4 |       ||     4
Armor: Leather armour    |    48 |    10 ||    58
Dodge: Dodged            |   113 |    13 ||   126
